AoeStats
← 主打抽象

Arena

510680777Analyzed
1v1 RM · 10h ago on Oct 2, 2026· 35m 8s· 2 players
Game mode
Random Map
Map size
Tiny (2 player)
Population
200
Speed
Normal
Resources
Standard
Victory
Conquest
Starting age
Dark Age
Ending age
Imperial Age
RankedLock teamsTeams togetherTeam positionsShared explorationLock speedFull tech treeHidden civsTurbo modeCheats
Victory
Defeat
🇨🇳 Chinese · China
1749
+11
🇷🇺 Goths · Russia
1645
-11
SMY
10:27 Feudal Age
11:07 Double-Bit Axe
14:01 Castle Age
12:11 Horse Collar
14:57 Bow Saw
21:00 Wheelbarrow
22:22 Hand Cart
23:08 Heavy Plow
25:25 Scale Mail Armor
26:27 Gold Mining
26:56 Chain Mail Armor
26:54 Squires
28:23 Forging
28:35 Loom
31:24 Imperial Age
29:12 Anarchy
29:35 Fletching
31:47 Bodkin Arrow
主打抽象
0:30 Loom
10:03 Feudal Age
14:27 Castle Age
12:57 Double-Bit Axe
13:18 Horse Collar
16:32 Bow Saw
20:13 Sanctity
21:24 Wheelbarrow
26:55 Imperial Age
24:43 Fletching
25:26 Bodkin Arrow
25:53 Ballistics
25:27 Gold Mining
25:57 Stone Mining
27:43 Bracer
29:32 Chemistry
29:26 Hand Cart
32:02 Elite Chu Ko Nu
34:06 Padded Archer Armor
34:19 Heavy Plow
34:41 Scale Mail Armor
34:52 Forging
34:36 Arrowslits
Connection lost

Rejoining the realm…

Still unreachable

The connection could not be restored.

Session expired

The server has moved on; the page needs a fresh start.